 Dungeon Crawl Stone Soup version 0.18-b1-18-g7758cf2 (webtiles) character file.

2748 SkaryMonk the Covert (level 9, -9/54 HPs)
             Began as an Octopode Assassin on Apr 29, 2016.
             Was a Follower of Dithmenos.
             Shot with an arrow by a centaur (15 damage)
             ... on level 7 of the Dungeon on May 2, 2016.
             The game lasted 01:22:15 (7555 turns).

SkaryMonk the Covert (Octopode Assassin)            Turns: 7555, Time: 01:22:16

Health: -9/54      AC:  4    Str: 10      XL:     9   Next: 68%
Magic:  10/10      EV: 13    Int: 12 (14) God:    Dithmenos [*.....]
Gold:   386        SH:  0    Dex: 14      Spells: 0 memorised, 8 levels left

rFire  . . .     SeeInvis .     a - +3 dagger
rCold  . . .     Gourm    .     (no shield)
rNeg   . . .     Faith    .     q - +0 hat
rPois  .         Spirit   .     h - amulet of regeneration
rElec  +         Dismiss  .     m - +3 ring of protection
rCorr  .         Reflect  .     w - ring of stealth
SustAt .         Harm     .     (no ring)
MR     .....                    (no ring)
Stlth  +++++++++.               (no ring)
                                (no ring)
                                (no ring)
                                (no ring)

@: wreathed by umbra, not resistant to hostile enchantments, incredibly stealthy
A: almost no armour, amphibious, 8 rings, constrict 8, camouflage 1, clumsy 1,
deterioration 1, electricity resistance, gelatinous body 1
a: Renounce Religion


You were on level 7 of the Dungeon.
You worshipped Dithmenos.
Dithmenos was aware of your devotion.
You were not hungry.

You visited 2 branches of the dungeon, and saw 9 of its levels.

You collected 386 gold pieces.

Notes
Turn   | Place    | Note
--------------------------------------------------------------
     0 | D:1      | SkaryMonk the Octopode Assassin began the quest for the Orb.
     0 | D:1      | Reached XP level 1. HP: 14/14 MP: 1/1
   176 | D:1      | Reached XP level 2. HP: 14/19 MP: 2/2
   421 | D:1      | Reached XP level 3. HP: 21/24 MP: 3/3
  1260 | D:2      | Found a white marble altar of Elyvilon.
  1334 | D:2      | Found a basalt altar of Yredelemnul.
  1509 | D:3      | Noticed an ogre
  1521 | D:2      | Reached XP level 4. HP: 10/29 MP: 4/4
  1912 | D:3      | Killed an ogre
  1912 | D:3      | Reached skill level 5 in Short Blades
  1912 | D:3      | Reached XP level 5. HP: 31/34 MP: 5/5
  2036 | D:3      | Found a shattered altar of Ashenzari.
  2675 | D:3      | Reached XP level 6. HP: 39/39 MP: 6/6
  3352 | D:4      | Noticed a phantom
  3478 | D:4      | Killed a phantom
  3491 | D:4      | Found a staircase to the Ecumenical Temple.
  3501 | Temple   | Entered the Ecumenical Temple
  3962 | Temple   | Became a worshipper of Dithmenos the Shadowed
  4307 | D:4      | You fall through a shaft for 3 floors!
  4307 | D:7      | Found a snail-covered altar of Cheibriados.
  4404 | D:8      | Reached XP level 7. HP: 37/45 MP: 7/7
  4534 | D:8      | Found a sacrificial altar of Ru.
  5022 | D:8      | Reached XP level 8. HP: 50/50 MP: 8/8
  5151 | D:8      | Noticed a two-headed ogre
  5178 | D:8      | Killed a two-headed ogre
  5178 | D:8      | Reached skill level 10 in Short Blades
  5207 | D:8      | Noticed a yak
  5216 | D:8      | Reached skill level 6 in Stealth
  5336 | D:8      | Noticed a yak
  5336 | D:8      | Noticed a yak
  5336 | D:8      | Noticed a yak
  5380 | D:6      | Noticed Menkaure
  5389 | D:5      | Entered Level 5 of the Dungeon
  5536 | D:5      | Found a shadowy altar of Dithmenos.
  5823 | D:5      | Reached skill level 7 in Stealth
  5987 | D:5      | Reached * piety under Dithmenos
  6276 | D:5      | Reached skill level 8 in Stealth
  6457 | D:5      | Noticed Pikel
  6470 | D:5      | Killed Pikel
  6470 | D:5      | Reached skill level 10 in Stealth
  6470 | D:5      | Reached XP level 9. HP: 54/54 MP: 9/9
  6684 | D:5      | Gained mutation: Your body sometimes deteriorates upon taking damage. [potion of mutation]
  6684 | D:5      | Gained mutation: You are clumsy. (Dex -2) [potion of mutation]
  6684 | D:5      | Gained mutation: You are resistant to electric shocks. [potion of mutation]
  6764 | D:5      | Upgraded the game from 0.18-b1-10-g3f7de93 to 0.18-b1-18-g7758cf2
  6788 | D:6      | Killed Menkaure
  6830 | D:5      | Reached skill level 1 in Evocations
  7197 | D:6      | Reached skill level 11 in Stealth
  7555 | D:7      | Shot with an arrow by a centaur

Inventory:

Hand Weapons
 a - a +3 dagger (weapon)
 b - a +0 blowgun
 j - a +0 short sword
Missiles
 c - 27 poisoned needles
 E - a curare-tipped needle
Armour
 q - a +0 hat (worn)
Jewellery
 h - an amulet of regeneration (around mantle)
 m - a +3 ring of protection (left tentacle)
 w - a ring of stealth (right tentacle)
Wands
 A - a wand of disintegration (4/24)
Scrolls
 e - 5 scrolls of remove curse
 k - 2 scrolls of recharging
 p - a scroll of magic mapping {unknown}
 s - 3 scrolls of enchant weapon
 u - a scroll of teleportation {unknown}
 v - a scroll of acquirement {unknown}
 G - a scroll of enchant armour
Potions
 n - 2 potions of flight
 o - a potion of haste
Comestibles
 d - 4 chunks of flesh
 f - 5 bread rations
 g - 2 slices of pizza
 i - 3 meat rations
 l - 5 fruits
 r - a royal jelly
 B - 2 beef jerkies

Table legend:
 A = Turns spent in this place as a percentage of turns spent in the entire game.
 B = Non-inter-level travel turns spent in this place as a percentage of non-inter-level travel turns spent in the entire game.
 C = Inter-level travel turns spent in this place as a percentage of turns spent in this place.
 D = Turns resting spent in this place as a percentage of non-inter-level travel turns spent in this place.
 E = Turns spent auto-exploring this place as a percentage of non-inter-level travel turns spent in this place.
 F = Non-inter-level travel turns spent in this place divided by the number of levels of this place that you've seen.
                   A       B       C       D       E      F
               +-------+-------+-------+-------+-------+----------------------
         Total | 100.0 | 100.0 |   0.7 |   2.2 |  12.7 | 212.2
       Dungeon |  98.4 |  98.5 |   0.6 |   2.2 |  12.1 | 235.1
        Temple |   1.6 |   1.5 |   6.5 |   0.0 |  48.3 |  29.0
               +-------+-------+-------+-------+-------+----------------------


   Skills:
 - Level 2.0 Fighting
 - Level 10.1 Short Blades
 + Level 3.1 Throwing
 + Level 2.4 Dodging
 + Level 11.2 Stealth
 + Level 2.5 Evocations


You had 8 spell levels left.
You didn't know any spells.

Dungeon Overview and Level Annotations

Branches:
Dungeon (8/15)             Temple (1/1) D:4
   Lair: D:8-11

Altars:
Ashenzari
Cheibriados
Dithmenos
Elyvilon
Gozag
Kikubaaqudgha
Makhleb
Nemelex Xobeh
Okawaru
Pakellas
Qazlal
Ru
Sif Muna
Trog
Yredelemnul
Zin
The Shining One

Annotations:
D:8 exclusions: killer bee and 1 more exclusion


Innate Abilities, Weirdness & Mutations

You cannot wear most types of armour.
You are amphibious.
You can wear up to eight rings at the same time.
You can use your tentacles to constrict eight enemies at once.
Your skin changes colour to match your surroundings (Stealth).
Your rubbery body absorbs attacks (AC +1).
You are clumsy. (Dex -2)
Your body sometimes deteriorates upon taking damage.
You are resistant to electric shocks.


Message History

You hear a splash.
You see here an arrow.
The centaur shoots an arrow.
The arrow barely misses you.
The centaur shoots an arrow.
The arrow hits you!
* * * LOW HITPOINT WARNING * * *
You hear a splash.
Cornered, the centaur turns to fight!
You see here an arrow.
Drink which item? (? for menu, Esc to quit)
You feel better.
The centaur shoots an arrow.
The arrow hits you!
Your body deteriorates!
You feel dopey.
You hear a splash.
The centaur wields a shortbow.
The centaur shoots an arrow.
The arrow hits you.
* * * LOW HITPOINT WARNING * * *
You hear a splash.
The centaur wields an uncursed shortbow.
The centaur shoots an arrow.
The arrow hits you!
* * * LOW HITPOINT WARNING * * *
The centaur shoots an arrow.
The arrow hits you!
You die...

≈≈≈≈≈≈≈≈≈≈≈≈≈≈≈≈≈≈.........#
≈≈≈≈).≈≈≈≈≈≈≈≈≈≈≈≈≈........#
≈≈.cc...≈≈≈≈≈≈≈≈≈≈≈....÷...#
≈..%.....≈≈≈≈≈≈≈≈≈≈.....)...
#(c≈≈≈≈≈≈≈≈≈≈........#
#(.≈≈≈≈≈≈≈≈≈.........#
#..(≈(≈≈≈≈≈≈..........
#.≈≈≈≈≈≈≈≈≈#.........#
#.≈≈≈@≈≈≈.####.##.#.##
#.≈≈≈≈(≈..# #.##.#.#
≈c.≈≈≈(≈......##.##.#.#
≈≈≈≈≈≈≈≈.(...........#.#
≈≈≈≈≈≈..)......##.####.##
............####...###.#.
########....# ##....##.#.
#....###.....##.#. #.
##.#.##.##.#.


You could see 3 centaurs.

Table legend:
 A = Kills in this place as a percentage of kills in entire the game.
 B = Kills by you in this place as a percentage of kills by you in the entire game.
 C = Kills by friends in this place as a percentage of kills by friends in the entire game.
 D = Other kills in this place as a percentage of other kills in the entire game.
 E = Experience gained in this place as a percentage of experience gained in the entire game.
 F = Experience gained in this place divided by the number of levels of this place that you have seen.
                   A       B       C       D       E      F
               +-------+-------+-------+-------+-------+----------------------
         Total | 100.0 | 100.0 |  -nan |  -nan | 100.0 | 436.2
       Dungeon | 100.0 | 100.0 |  -nan |  -nan | 100.0 | 490.8
               +-------+-------+-------+-------+-------+----------------------

Vanquished Creatures
  Pikel (D:5)
  A two-headed ogre (D:8)
  A hungry ghost (D:8)
  Menkaure (D:6)
  A hippogriff (D:8)
  2 slaves (D:5)
  A sky beast (D:5)
  3 ogres
  A phantom (D:4)
  3 centaurs
  A gnoll sergeant (D:8)
  2 giant frogs (D:6)
  A wyvern skeleton (D:8)
  A howler monkey (D:7)
  A crimson imp (D:6)
  An orc priest (D:5)
  A hound (D:8)
  A giant frog skeleton (D:4)
  A gnoll shaman (D:8)
  2 iguanas (D:6)
  3 orc wizards
  4 worker ants
  A hound zombie (D:5)
  2 hound skeletons
  12 gnolls (D:8)
  9 adders
  2 shadow imps
  2 oozes
  2 worms (D:2)
  2 dart slugs (D:3)
  10 giant geckos
  17 orcs
  3 giant cockroaches
  6 goblins
  10 hobgoblins
  6 jackals
  7 kobolds
  2 quokkas (D:4)
  A ball python (D:5)
  12 bats
  2 giant gecko skeletons (D:5)
  4 giant newts
  A quokka zombie (D:8)
  8 rats
155 creatures vanquished.

Action                   |  1- 3 |  4- 6 |  7- 9 || total
-------------------------+-------+-------+-------++-------
Melee: Dagger            |    77 |   100 |   222 ||   399
       Constrict         |    15 |    13 |    32 ||    60
       Tentacles         |    13 |    17 |    43 ||    73
 Fire: Blowgun           |     1 |    11 |    35 ||    47
Evoke: Wand              |       |       |     5 ||     5
  Use: Scroll            |     5 |     2 |     8 ||    15
       Potion            |       |     1 |     7 ||     8
 Stab: Sleeping          |    14 |    19 |    21 ||    54
       Distracted        |     1 |     1 |     2 ||     4
  Eat: Chunk             |     1 |     5 |    11 ||    17
       Beef jerky        |       |     2 |       ||     2
       Pizza             |       |     1 |       ||     1
Armor: Skin              |     5 |    12 |    23 ||    40
Dodge: Dodged            |    33 |    25 |   111 ||   169

Vault maps used:
D:1:      sevenhm_arrival_forest_fort_large_1, corner_web_ring
D:2:      kennysheep_ying_yang
D:3:      old_standard_altar, minmay_mini_jars
D:4:      minmay_temple_entry_trees, first_bread
D:5:      hex_tiny, grunt_dithmenos_smoke, uniq_pikel
D:6:      uniq_menkaure
D:7:      nicolae_overflow_hidden_temple, old_standard_altar, enter_ossuary_5,
          centaur_isle
D:8:      basic_altar, david_nohive_1, patterned_corridor
Temple:   eino_temple_water_12
